 Dungeon Crawl Stone Soup version 0.31-a0-986-g5e6e4ef867 (webtiles) character file.

Game seed: 7366061102524650667

117 Dittersdorf the Covered (level 5, -5/42 HPs)
             Began as a Human Fighter on Nov 7, 2023.
             Slain by a kobold brigand
             ... wielding a +0 dagger
              (6 damage)
             ... in a sewer.
             The game lasted 00:04:32 (2105 turns).

Dittersdorf the Covered (Human Fighter)             Turns: 2105, Time: 00:04:33

Health: -5/42      AC: 11    Str: 18    XL:     5   Next: 22%
Magic:  5/5        EV:  7    Int: 15    God:
Gold:   112        SH:  5    Dex: 13    Spells: 4/4 levels left

rFire   . . .        a - +0 long sword
rCold   x . .        c - +0 buckler
rNeg    + + +        k - +0 chain mail
rPois   .            f - +0 helmet of Veujow {rC- rN+++ Int+7}
rElec   .            (no cloak)
rCorr   .            (no gloves)
SInv    .            l - +0 pair of boots
Will    .....        (no amulet) Stlth
                     r - ring of wizardry
HPRegen 0.27/turn    (no ring)
MPRegen 0.09/turn

%: wizardry (x1)
@: no status effects
A: no striking features
a: no special abilities


You were in a sewer.
You visited 1 branch of the dungeon, and saw 3 of its levels.
You also visited: Sewer.

You collected 112 gold pieces.

Inventory:

Hand Weapons
 a - a +0 long sword (weapon)
Missiles
 e - 6 poisoned darts (quivered)
Armour
 c - a +0 buckler (worn)
 f - the +0 helmet of Veujow (worn) {rC- rN+++ Int+7}
   (You found it on level 2 of the Dungeon)

   Int+7:     It affects your intelligence (+7).
   rC-:       It makes you vulnerable to cold.
   rN+++:     It renders you almost immune to negative energy.
 i - a +0 helmet
 k - a +0 chain mail (worn)
 l - a +0 pair of boots (worn)
Jewellery
 r - a ring of wizardry (left hand)
Scrolls
 b - a scroll of fear
 j - 2 scrolls of poison
Potions
 d - 2 potions of might
 g - a potion of ambrosia {unknown}
 h - 2 potions of mutation {unknown}
 m - a potion of brilliance {unknown}
 n - a potion of curing {unknown}
 o - a potion of haste
 p - a potion of heal wounds


   Skills:
 + Level 3.7 Fighting
 + Level 3.0 Long Blades
 + Level 3.8 Armour
 + Level 3.7 Shields


You had 4 spell levels left.
You didn't know any spells.
Your spell library was empty.

Dungeon Overview and Level Annotations

Branches:
Dungeon (3/15)              Sewer (1/1)

Altars:
Cheibriados


Message History

* * * LOW HITPOINT WARNING * * *
You closely miss the kobold brigand.
The kobold brigand is severely wounded.
The kobold hits you but does no damage. You block the kobold brigand's attack.
The kobold hits you but does no damage.
You barely miss the kobold brigand.
The kobold brigand is severely wounded.
The kobold brigand hits you with a +0 dagger.
* * * LOW HITPOINT WARNING * * *
The kobold hits you but does no damage.
You closely miss the kobold brigand.
The kobold brigand is severely wounded.
The kobold brigand hits you but does no damage.
You block the kobold's attack.
The kobold brigand hits you but does no damage.
You barely miss the kobold brigand.
The kobold brigand is severely wounded.
The kobold barely misses you.
The kobold brigand hits you but does no damage.
You miss the kobold brigand.
The kobold brigand is severely wounded.
The kobold barely misses you.
The kobold brigand hits you but does no damage.
You block the kobold's attack.
You closely miss the kobold brigand.
The kobold brigand is severely wounded.
The kobold brigand hits you but does no damage.
You block the kobold's attack.
You closely miss the kobold brigand.
The kobold brigand is severely wounded.
The kobold brigand hits you with a +0 dagger.
* * * LOW HITPOINT WARNING * * *
The kobold hits you but does no damage.
The kobold brigand hits you with a +0 dagger.
* * * LOW HITPOINT WARNING * * *
You hit the kobold brigand.
The kobold brigand is almost dead.
You block the kobold's attack.
The kobold brigand hits you with a +0 dagger.
You die...

# #### ...## ....##
########## .....####.....##@#
...............KK########
................K..#..[.#####
~.P......P.........'.)..#.∩.#
~~~~.........~~P~..'..∩.#.∩.#
~P~~P........~~~~P.#....#...#
~#~############†~########'###
~~~~ ~~~~~~~~~~~~~~~~~~≈#
≈~≈≈≈ ≈≈≈≈~≈≈≈≈≈~≈≈≈≈≈~≈≈#


You could see a kobold brigand and 2 kobolds.

Vanquished Creatures
  3 gnolls
  2 adders (D:3)
  3 worms
  A dart slug (D:3)
  3 ball pythons
  4 bats
  5 endoplasms
  9 giant cockroaches
  4 goblins
  3 hobgoblins
  6 quokkas
  5 frilled lizards
  7 kobolds
  2 rats
57 creatures vanquished.

Notes
Turn   | Place    | Note
-------+----------+-------------------------------------------
     0 | D:1      | Dittersdorf the Human Fighter began the quest for the Orb.
     0 | D:1      | Reached XP level 1. HP: 18/18 MP: 1/1
     8 | D:1      | You fall into a shaft and drop 1 floor!
    98 | D:2      | Reached XP level 2. HP: 24/24 MP: 2/2
   117 | D:2      | Identified the +0 helmet of Veujow {rC- rN+++ Int+7}
   391 | D:1      | Found a faded altar of an unknown god.
   698 | D:1      | Reached XP level 3. HP: 26/29 MP: 3/3
  1452 | D:3      | Found a snail-covered altar of Cheibriados.
  1564 | D:3      | Reached XP level 4. HP: 30/35 MP: 4/4
  1887 | D:3      | Reached XP level 5. HP: 42/42 MP: 5/5
  1938 | D:3      | Found a glowing drain.
  1956 | Sewer    | Entered a sewer
  2043 | Sewer    | Noticed a kobold brigand
  2104 | Sewer    | HP: 1/42 [kobold brigand/+0 dagger (4)]
  2105 | Sewer    | Slain by a kobold brigand

Illustrated notes

Levels and vault maps discovered:
D:1:      tarquinn_simple_flora_water_b, layout_loops_ring,
          shapermc_ecumenical_altar_gd
D:2:      layout_basic
D:3:      layout_loops_cross, lemuel_crystal_altar, gup_sewer_entry_pipe
Sewer:    kennysheep_pipe_town

Skill      XL: |  1  2  3  4  5 |
---------------+----------------+-----
Long Blades    | 3 |  3.0
Fighting       | |  3.7
Armour         | |  3.8
Shields        | |  3.7

Action                     |  1- 3 |  4- 6 || total
---------------------------+-------+-------++-------
  Melee: Long sword        |   117 |   117 ||   234
    Use: Scroll            |     6 |       ||     6
 Armour: Scale mail        |    98 |    15 ||   113
         Chain mail        |       |    81 ||    81
  Dodge: Dodged            |    48 |    45 ||    93
  Block: Buckler           |    27 |    33 ||    60

Table legend: (Time is in decaauts)
 A = Elapsed time spent in this place.
 B = Non-inter-level travel time spent in this place.
 C = Inter-level travel time spent in this place.
 D = Time resting spent in this place.
 E = Time spent auto-exploring this place.
 F = Levels seen in this place.
 G = Mean time per level.
                   A        B        C        D        E       F      G
               +--------+--------+--------+--------+--------+-----+--------+
         Total |   2188 |   2115 |     73 |     12 |   1186 |   4 |  547.0 |
       Dungeon |   2017 |   1944 |     73 |     12 |   1130 |   3 |  672.3 |
         Sewer |    170 |    170 |      0 |      0 |     56 |   1 |  170.0 |
               +--------+--------+--------+--------+--------+-----+--------+

Top non-repeatable levels by time:
     D:1: 789 daAuts
     D:2: 700 daAuts
     D:3: 527 daAuts
   Sewer: 170 daAuts
